Map: Blood Boil LE

Players

Firkrag - Winner!

  • Race: Protoss Protoss
  • League: Diamond
  • Spawn Location: 5:00

calmoe

  • Race: Zerg Zerg
  • League: Diamond
  • Spawn Location: 11:00

VOD

Have the link to the VOD?

Description

Time

  • Played on: July 28, 2017, 8:22 p.m.
  • Length: 8:06
Show
View Real Time Build Order
Export as new Build Order

Firkrag Protoss - Winner!

Build Orders: 1 Gate Expand 

Get SALT Encoding   

  12  0:00  Unknown  
  12  0:01  Probe (Chrono Boost)  
  13  0:11  Probe (Chrono Boost)  
  14  0:18  Pylon  
  14  0:24  Probe (Chrono Boost)  
  15  0:37  Probe (Chrono Boost)  
  15  0:40  Gateway  
  16  0:47  Probe (Chrono Boost)  
  17  0:51  Assimilator  
  17  0:58  Probe (Chrono Boost)  
  18  1:08  Probe (Chrono Boost)  
  19  1:25  Nexus  
  19  1:31  Probe (Chrono Boost)  
  20  1:42  Cybernetics Core, Probe (Chrono Boost)  
  20  1:46  Assimilator  
  21  1:56  Pylon  
  21  1:59  Probe (Chrono Boost)  
  22  2:09  Probe (Chrono Boost)  
  23  2:20  Probe (Chrono Boost)  
  23  2:21  Stalker (Chrono Boost)  
  23  2:22  Warp Gate  
  26  2:33  Probe  
  26  2:36  Twilight Council  
  27  2:41  Robotics Facility  
  27  2:42  Probe (Chrono Boost)  
  27  2:45  Probe (Chrono Boost)  
  29  2:55  Probe (Chrono Boost)  
  29  2:57  Probe (Chrono Boost)  
  31  3:01  Twilight Council  
  32  3:05  Probe (Chrono Boost)  
  32  3:08  Probe (Chrono Boost)  
  33  3:16  Probe (Chrono Boost)  
  33  3:18  Probe (Chrono Boost)  
  35  3:28  Immortal (Chrono Boost)  
  39  3:39  Gateway, Mothership Core  
  41  3:44  Probe, Gateway  
  42  3:55  Charge (Chrono Boost)  
  44  4:05  Immortal  
  46  4:17  Pylon  
  46  4:20  Pylon  
  46  4:34  Gateway  
  46  4:36  Gateway  
  46  4:38  Gateway  
  46  4:39  Gateway  
  46  4:41  Warp Prism  
  46  4:46  Gateway  
  46  4:47  Gateway  
  48  5:08  Probe x2  
  48  5:10  Pylon  
  48  5:13  Pylon  
  50  5:21  Pylon x2  
  49  5:29  Pylon  
  49  5:32  Zealot  
  49  5:33  Zealot x2  
  55  5:40  Pylon  
  55  5:43  Zealot x5  
  55  5:45  Zealot  
  67  5:58  Zealot x3  
  67  6:03  Zealot  
  67  6:04  Zealot x3  
  77  6:07  Zealot x2  
  85  6:20  Pylon  
  85  6:28  Zealot x4  
  85  6:29  Zealot x2  
  85  6:31  Zealot  
  99  6:37  Zealot x2  
  93  6:50  Zealot  
  93  6:51  Zealot x3  
  99  7:02  Zealot x4  
  99  7:08  Zealot  
  93  7:13  Zealot x2  
  97  7:16  Zealot  
  97  7:18  Zealot  
  101  7:27  Zealot x2, Pylon  
  105  7:31  Zealot  
Show
View Real Time Build Order
Export as new Build Order

calmoe Zerg 

Build Orders: Hatch First 

Get SALT Encoding   

  12  0:00  Unknown  
  12  0:01  Drone  
  13  0:13  Overlord  
  13  0:18  Drone  
  14  0:32  Drone x2  
  16  0:38  Drone  
  17  0:53  Hatchery  
  17  0:56  Drone  
  17  1:00  Drone  
  18  1:11  Extractor  
  18  1:16  Spawning Pool  
  16  1:20  Drone  
  16  1:23  Drone  
  18  1:31  Drone  
  19  1:43  Overlord  
  19  1:54  Drone  
  20  2:03  Queen  
  20  2:04  Zergling x2  
  20  2:05  Queen  
  20  2:06  Zergling x2  
  26  2:13  Metabolic Boost  
  26  2:15  Drone  
  26  2:22  Drone  
  28  2:29  Drone  
  30  2:30  Drone  
  30  2:38  Drone  
  30  2:39  Drone  
  30  2:41  Queen  
  34  2:51  Pneumatized Carapace  
  34  3:05  Hatchery  
  33  3:06  Drone x2  
  33  3:11  Drone  
  33  3:12  Overlord  
  36  3:17  Overlord  
  36  3:27  Lair  
  36  3:30  Drone x2  
  36  3:32  Drone  
  39  3:51  Overlord x2  
  39  3:54  Spore Crawler  
  38  3:56  Drone, Spore Crawler  
  38  3:57  Drone x4  
  38  4:01  Drone  
  38  4:02  Zergling x2  
  44  4:15  Baneling Nest  
  43  4:19  Queen  
  45  4:24  Drone x2  
  45  4:28  Drone x5  
  45  4:30  Spore Crawler, Extractor  
  50  4:33  Extractor  
  50  4:36  Drone x4  
  53  4:52  Drone x3, Hydralisk Den  
  55  5:03  Drone  
  55  5:05  Overlord  
  55  5:06  Overlord x2, Zergling x2  
  57  5:07  Zergling x8  
  57  5:11  Zergling x2  
  62  5:19  Overlord  
  62  5:21  Lurker Den  
  62  5:28  Baneling x4  
  62  5:31  Spine Crawler  
  62  5:35  Drone, Spine Crawler  
  60  5:36  Spine Crawler  
  60  5:37  Drone x2  
  60  5:38  Drone  
  60  5:39  Zergling x6  
  60  5:40  Baneling x2  
  66  5:50  Drone x3  
  66  5:51  Drone x3  
  66  5:53  Extractor  
  66  5:54  Zergling x4  
  73  5:59  Centrifical Hooks  
  73  6:01  Baneling x3  
  73  6:15  Drone x2  
  73  6:16  Evolution Chamber x2  
  73  6:18  Overseer  
  73  6:19  Overlord, Zergling x2  
  73  6:20  Zergling x6  
  73  6:25  Zergling x6  
  80  6:27  Baneling x2  
  80  6:34  Zergling x2  
  80  6:35  Zergling x10  
  80  6:36  Zergling x2  
  83  6:40  Zergling x2  
  83  6:41  Zergling x4  
  83  6:44  Zergling x6  
  83  6:46  Baneling x3  
  69  6:49  Zergling x2  
  69  6:50  Baneling x2  
  69  6:52  Zergling x2  
  69  6:55  Baneling  
  69  6:56  Zergling x4  
  69  6:59  Zergling x2, Baneling x2  
  66  7:04  Zergling x6  
  66  7:06  Zergling x2  
  66  7:07  Zergling x2  
  52  7:08  Overseer  
  52  7:13  Baneling  
  38  7:29  Baneling x3  
  31  7:30  Baneling  
Tags
 
Add a new tag
Caveats
  • Supply blocks, unpowered buildings, or Contaminate may cause inaccurate times.
  • Supply counts are checked every 10 seconds.